General information
- name: BNet
- type: Ladder team game (AT/RT)
- host: Battle.net
- saver: KrissKross
map: MarketSquare
- players: 8
- length: 64:22
- speed: Fast
- version: 1.28 W3XP
- replay type: Public
» download(541 KB)
Players
team 1 (loser)

»
Paladin (
green | 62 APM | 1798 actions | 29:08)
6 Demon Hunter
2 Immolation
3 Evasion
1 Metamorphosis
» actions
| Assign group hotkey | 17 | |
| Basic commands | 58 | |
| Build / train | 89 | |
| Enter build submenu | 21 | |
| Enter hero's abilities submenu | 7 | |
| Give item / drop item | 1 | |
| Right click | 1142 | |
| Select / deselect | 363 | |
| Select group hotkey | 11 | |
| Use ability | 89 | |
1798 total
» units
| Wisp | 11 | |
| Chimaera | 4 | |
| Hippogryph | 33 | |
48 total
» upgrades
| Corrosive Breath | 1 | |
| Strength of the Wild | 3 | |
| Reinforced Hides | 4 | |
8 total
» buildings
| Altar of Elders | 1 | |
| Moon Well | 6 | |
| Ancient of Wonders | 2 | |
| Tree of Ages | 3 | |
| Hunter's Hall | 1 | |
| Tree of Eternity | 3 | |
| Ancient of Wind | 3 | |
| Chimaera Roost | 3 | |
| Tree of Life | 1 | |
23 total
» build order
00:14 Altar of Elders
00:18 Moon Well
01:12 Moon Well
01:19 Ancient of Wonders
02:04 Moon Well
02:37 Tree of Ages
02:37 Tree of Ages
02:37 Tree of Ages
02:58 Moon Well
03:50 Hunter's Hall
03:56 Moon Well
04:57 Moon Well
04:59 Tree of Eternity
04:59 Tree of Eternity
05:00 Tree of Eternity
05:03 Ancient of Wind
05:15 Ancient of Wind
07:53 Chimaera Roost
07:54 Chimaera Roost
07:56 Chimaera Roost
12:09 Ancient of Wind
22:02 Tree of Life
25:05 Ancient of Wonders
» items
| Lesser Clarity Potion | 1 | |
| Staff of Teleportation | 1 | |
| Circlet of Nobility | 1 | |
| Orb of Venom | 1 | |
| Potion of Healing | 4 | |
| Scroll of Town Portal | 3 | |
| Moonstone | 1 | |
12 total
Asar (
teal | 51 APM | 1492 actions | 29:05)
5 Death Knight
3 Death Coil
2 Unholy Aura
4 Lich
2 Frost Nova
1 Frost Armor
1 Dark Ritual
4 Crypt Lord
2 Impale
2 Spiked Carapace
» actions
| Assign group hotkey | 28 | |
| Basic commands | 8 | |
| Build / train | 81 | |
| ESC pressed | 4 | |
| Enter build submenu | 19 | |
| Enter hero's abilities submenu | 14 | |
| Give item / drop item | 3 | |
| Right click | 349 | |
| Select / deselect | 307 | |
| Select group hotkey | 572 | |
| Use ability | 107 | |
1492 total
» units
| Acolyte | 13 | |
| Ghoul | 3 | |
| Crypt Fiend | 16 | |
| Obsidian Statue | 9 | |
| Frost Wyrm | 2 | |
43 total
» upgrades
| Web | 1 | |
| Creature Attack | 2 | |
| Destroyer Form | 1 | |
| Creature Carapace | 2 | |
6 total
» buildings
| Crypt | 2 | |
| Ziggurat | 7 | |
| Graveyard | 1 | |
| Altar of Darkness | 1 | |
| Halls of the Dead | 2 | |
| Tomb of Relics | 1 | |
| Nerubian Tower | 1 | |
| Black Citadel | 1 | |
| Sacrificial Pit | 2 | |
| Slaughterhouse | 1 | |
| Boneyard | 1 | |
| Spirit Tower | 1 | |
21 total
» build order
00:12 Crypt
00:17 Crypt
00:18 Ziggurat
00:39 Graveyard
00:59 Altar of Darkness
01:15 Ziggurat
02:34 Halls of the Dead
02:35 Halls of the Dead
02:44 Tomb of Relics
03:46 Nerubian Tower
04:40 Ziggurat
05:24 Black Citadel
07:39 Ziggurat
08:58 Sacrificial Pit
09:02 Slaughterhouse
09:22 Sacrificial Pit
09:25 Ziggurat
09:33 Ziggurat
10:55 Boneyard
11:43 Ziggurat
20:02 Spirit Tower
» items
| Rod of Necromancy | 4 | |
| Boots of Speed | 1 | |
| Orb of Corruption | 1 | |
| Potion of Lesser Invulnerability | 1 | |
| Scroll of Healing | 1 | |
| Scroll of Town Portal | 2 | |
10 total
sexbysurprise (
purple | 57 APM | 3695 actions | 64:19)
6 Archmage
3 Summon Water Elemental
2 Brilliance Aura
1 Mass Teleport
6 Mountain King
3 Storm Bolt
2 Bash
1 Avatar
» actions
| Assign group hotkey | 109 | |
| Basic commands | 91 | |
| Build / train | 178 | |
| ESC pressed | 1 | |
| Enter build submenu | 60 | |
| Enter hero's abilities submenu | 12 | |
| Give item / drop item | 4 | |
| Remove unit from queue | 1 | |
| Right click | 1322 | |
| Select / deselect | 657 | |
| Select group hotkey | 993 | |
| Use ability | 267 | |
3695 total
» units
| Peasant | 21 | |
| Footman | 6 | |
| Rifleman | 9 | |
| Sorceress | 3 | |
| Priest | 3 | |
| Dragonhawk Rider | 7 | |
| Spell Breaker | 1 | |
| Gryphon Rider | 2 | |
52 total
» upgrades
| Gunpowder | 3 | |
| Masonry | 3 | |
| Armor | 3 | |
| Long Rifles | 1 | |
| Sorceress Training | 2 | |
| Swords | 3 | |
| Priest Training | 2 | |
| Storm Hammers | 1 | |
| Cloud | 1 | |
| Animal War Training | 1 | |
| Lumber Harvesting | 1 | |
21 total
» buildings
| Altar of Kings | 1 | |
| Barracks | 1 | |
| Farm | 12 | |
| Arcane Vault | 1 | |
| Keep | 2 | |
| Town Hall | 2 | |
| Scout Tower | 20 | |
| Blacksmith | 1 | |
| Lumber Mill | 4 | |
| Castle | 2 | |
| Guard Tower | 32 | |
| Arcane Sanctum | 2 | |
| Gryphon Aviary | 3 | |
| Workshop | 1 | |
| Spirit Tower | 6 | |
| Ziggurat | 6 | |
| Nerubian Tower | 1 | |
97 total
» build order
01:11 Altar of Kings
01:13 Barracks
01:15 Farm
01:16 Farm
01:34 Farm
01:49 Arcane Vault
03:01 Farm
04:03 Keep
04:03 Keep
04:33 Town Hall
04:39 Scout Tower
04:40 Scout Tower
04:41 Scout Tower
05:37 Blacksmith
05:39 Lumber Mill
06:38 Castle
06:38 Castle
07:12 Farm
07:17 Guard Tower
07:17 Guard Tower
07:17 Guard Tower
09:04 Arcane Sanctum
09:05 Arcane Sanctum
13:26 Gryphon Aviary
13:27 Gryphon Aviary
13:28 Gryphon Aviary
16:21 Scout Tower
16:22 Scout Tower
16:24 Scout Tower
17:16 Guard Tower
17:16 Guard Tower
18:42 Scout Tower
18:43 Scout Tower
18:44 Scout Tower
20:34 Farm
20:35 Farm
20:35 Farm
20:39 Scout Tower
20:41 Scout Tower
21:02 Guard Tower
21:02 Guard Tower
21:02 Guard Tower
21:03 Guard Tower
21:03 Guard Tower
21:04 Guard Tower
21:04 Guard Tower
21:05 Guard Tower
21:17 Farm
21:17 Farm
21:18 Farm
21:20 Farm
21:22 Guard Tower
21:22 Guard Tower
27:50 Workshop
28:32 Scout Tower
28:35 Scout Tower
28:37 Scout Tower
28:38 Scout Tower
28:45 Scout Tower
28:46 Scout Tower
28:49 Scout Tower
29:09 Guard Tower
29:10 Guard Tower
29:10 Guard Tower
29:10 Guard Tower
29:11 Guard Tower
29:12 Guard Tower
29:20 Guard Tower
29:20 Guard Tower
29:22 Spirit Tower
29:22 Spirit Tower
29:23 Spirit Tower
29:27 Ziggurat
29:28 Ziggurat
29:29 Ziggurat
29:32 Ziggurat
29:36 Guard Tower
29:36 Guard Tower
29:58 Guard Tower
29:58 Guard Tower
30:19 Guard Tower
30:19 Guard Tower
30:22 Scout Tower
30:23 Scout Tower
31:17 Town Hall
31:54 Lumber Mill
31:58 Lumber Mill
32:51 Nerubian Tower
32:52 Spirit Tower
32:52 Spirit Tower
32:52 Spirit Tower
32:55 Ziggurat
33:02 Ziggurat
33:05 Guard Tower
33:05 Guard Tower
33:05 Guard Tower
39:30 Lumber Mill
» items
| Scroll of Regeneration | 10 | |
| Mechanical Critter | 3 | |
| Boots of Speed | 1 | |
| Periapt of Vitality | 1 | |
| Staff of Sanctuary | 1 | |
| Staff of Teleportation | 2 | |
| Orb of Fire | 1 | |
| Potion of Healing | 2 | |
| Ivory Tower | 3 | |
| Scroll of Town Portal | 4 | |
28 total

»
WheatThins (
red | 93 APM | 2713 actions | 29:13)
6 Death Knight
3 Death Coil
3 Unholy Aura
5 Crypt Lord
3 Spiked Carapace
2 Impale
» actions
| Assign group hotkey | 44 | |
| Basic commands | 19 | |
| Build / train | 82 | |
| ESC pressed | 1 | |
| Enter build submenu | 25 | |
| Enter hero's abilities submenu | 12 | |
| Give item / drop item | 3 | |
| Right click | 841 | |
| Select / deselect | 306 | |
| Select group hotkey | 1280 | |
| Use ability | 99 | |
2713 total
» units
| Acolyte | 13 | |
| Ghoul | 4 | |
| Crypt Fiend | 8 | |
| Frost Wyrm | 11 | |
| Obsidian Statue | 2 | |
38 total
» upgrades
| Creature Carapace | 3 | |
| Creature Attack | 3 | |
| Web | 1 | |
| Freezing Breath | 1 | |
8 total
» buildings
| Crypt | 1 | |
| Ziggurat | 11 | |
| Altar of Darkness | 1 | |
| Tomb of Relics | 2 | |
| Graveyard | 1 | |
| Nerubian Tower | 2 | |
| Halls of the Dead | 1 | |
| Necropolis | 2 | |
| Black Citadel | 1 | |
| Sacrificial Pit | 1 | |
| Spirit Tower | 7 | |
| Boneyard | 2 | |
| Slaughterhouse | 1 | |
33 total
» build order
00:50 Crypt
00:52 Ziggurat
00:55 Altar of Darkness
01:01 Tomb of Relics
01:18 Graveyard
01:30 Ziggurat
01:43 Nerubian Tower
01:43 Nerubian Tower
04:09 Ziggurat
05:16 Halls of the Dead
07:50 Necropolis
08:50 Black Citadel
08:52 Sacrificial Pit
09:04 Ziggurat
09:06 Ziggurat
09:15 Ziggurat
09:58 Spirit Tower
09:58 Spirit Tower
10:30 Spirit Tower
10:34 Ziggurat
10:37 Tomb of Relics
11:39 Boneyard
11:48 Boneyard
11:56 Ziggurat
11:58 Spirit Tower
12:41 Slaughterhouse
13:00 Spirit Tower
13:01 Spirit Tower
13:19 Spirit Tower
20:37 Necropolis
21:47 Ziggurat
21:48 Ziggurat
21:52 Ziggurat
» items
| Rod of Necromancy | 3 | |
| Potion of Healing | 2 | |
| Orb of Corruption | 1 | |
| Scroll of Town Portal | 3 | |
| Boots of Speed | 1 | |
| Potion of Mana | 1 | |
11 total
team 2 (winner)

»
crybaby (
orange | 43 APM | 2796 actions | 64:19)
6 Dark Ranger
3 Black Arrow
2 Silence
1 Charm
4 Priestess of the Moon
2 Trueshot Aura
2 Scout
3 Firelord
2 Summon Lava Spawn
1 Incinerate
» actions
| Basic commands | 188 | |
| Build / train | 117 | |
| Enter build submenu | 39 | |
| Enter hero's abilities submenu | 13 | |
| Give item / drop item | 2 | |
| Remove unit from queue | 11 | |
| Right click | 1409 | |
| Select / deselect | 910 | |
| Use ability | 105 | |
2796 total
» units
| Wisp | 37 | |
| Archer | 3 | |
| Huntress | 5 | |
| Mountain Giant | 6 | |
| Dryad | 8 | |
| Hippogryph | 5 | |
| Faerie Dragon | 2 | |
| Siege Engine | 4 | |
| Gryphon Rider | 1 | |
71 total
» upgrades
| Ultravision | 1 | |
| Strength of the Wild | 2 | |
| Reinforced Hides | 2 | |
| Abolish Magic | 1 | |
| Sentinel | 1 | |
| Resistant Skin | 1 | |
8 total
» buildings
| Altar of Elders | 1 | |
| Moon Well | 8 | |
| Ancient of War | 1 | |
| Hunter's Hall | 1 | |
| Ancient Protector | 4 | |
| Tree of Ages | 1 | |
| Ancient of Wonders | 1 | |
| Tree of Life | 7 | |
| Ancient of Lore | 2 | |
| Tree of Eternity | 1 | |
| Ancient of Wind | 1 | |
| Workshop | 3 | |
| Scout Tower | 6 | |
| Altar of Kings | 1 | |
| Guard Tower | 4 | |
42 total
» build order
00:26 Altar of Elders
00:29 Moon Well
01:05 Ancient of War
01:24 Moon Well
02:08 Hunter's Hall
02:34 Moon Well
03:24 Ancient Protector
05:09 Tree of Ages
05:13 Ancient of Wonders
05:21 Moon Well
07:12 Tree of Life
08:04 Ancient of Lore
08:06 Ancient of Lore
10:51 Moon Well
11:35 Ancient Protector
11:49 Moon Well
12:56 Tree of Eternity
14:50 Ancient Protector
15:08 Ancient of Wind
15:26 Moon Well
15:29 Moon Well
16:49 Tree of Life
20:59 Tree of Life
22:43 Ancient Protector
26:50 Tree of Life
28:30 Tree of Life
36:07 Tree of Life
40:40 Tree of Life
42:47 Workshop
42:49 Workshop
44:39 Workshop
45:33 Scout Tower
45:36 Scout Tower
46:00 Scout Tower
46:13 Altar of Kings
46:18 Scout Tower
46:26 Guard Tower
46:29 Scout Tower
46:31 Scout Tower
46:52 Guard Tower
46:53 Guard Tower
47:12 Guard Tower
» items

»
KnightsofRen (
pink | 77 APM | 4579 actions | 59:24)
6 Demon Hunter
3 Evasion
2 Mana Burn
1 Metamorphosis
6 Priestess of the Moon
3 Trueshot Aura
2 Searing Arrows
1 Starfall
4 Keeper of the Grove
2 Thorns Aura
2 Entangling Roots
» actions
| Assign group hotkey | 43 | |
| Basic commands | 261 | |
| Build / train | 126 | |
| ESC pressed | 8 | |
| Enter build submenu | 22 | |
| Enter hero's abilities submenu | 16 | |
| Give item / drop item | 6 | |
| Remove unit from queue | 1 | |
| Right click | 1784 | |
| Select / deselect | 413 | |
| Select group hotkey | 1768 | |
| Use ability | 131 | |
4579 total
» units
| Wisp | 15 | |
| Archer | 27 | |
| Hippogryph | 12 | |
54 total
» upgrades
| Improved Bows | 1 | |
| Strength of the Moon | 3 | |
| Moon Armor | 3 | |
| Well Spring | 1 | |
| Ultravision | 1 | |
| Marksmanship | 1 | |
| Hippogryph Taming | 1 | |
11 total
» buildings
| Altar of Elders | 1 | |
| Moon Well | 7 | |
| Ancient of War | 2 | |
| Tree of Ages | 3 | |
| Tree of Eternity | 3 | |
| Hunter's Hall | 1 | |
| Ancient of Wonders | 1 | |
| Ancient of Wind | 2 | |
| Tree of Life | 7 | |
| Guard Tower | 2 | |
29 total
» build order
00:25 Altar of Elders
00:27 Moon Well
00:34 Ancient of War
01:29 Moon Well
02:04 Moon Well
03:23 Tree of Ages
03:23 Tree of Ages
03:23 Tree of Ages
05:58 Tree of Eternity
05:58 Tree of Eternity
05:58 Tree of Eternity
06:11 Hunter's Hall
06:15 Ancient of Wonders
07:57 Moon Well
07:58 Moon Well
10:36 Ancient of Wind
10:40 Ancient of Wind
11:10 Ancient of War
11:57 Moon Well
16:28 Tree of Life
18:21 Moon Well
20:52 Tree of Life
21:29 Tree of Life
26:01 Tree of Life
31:12 Tree of Life
33:15 Tree of Life
35:49 Tree of Life
57:43 Guard Tower
57:44 Guard Tower
» items
| Scroll of Town Portal | 7 | |
| Staff of Preservation | 3 | |
| Orb of Venom | 1 | |
| Potion of Lesser Invulnerability | 1 | |
| Anti-magic Potion | 1 | |
| Potion of Healing | 1 | |
14 total
KrissKross (
blue | 78 APM | 5044 actions | 64:22)
7 Archmage
3 Summon Water Elemental
3 Brilliance Aura
1 Mass Teleport
» actions
| Assign group hotkey | 53 | |
| Basic commands | 536 | |
| Build / train | 118 | |
| Enter build submenu | 62 | |
| Enter hero's abilities submenu | 7 | |
| Give item / drop item | 4 | |
| Remove unit from queue | 1 | |
| Right click | 1506 | |
| Select / deselect | 856 | |
| Select group hotkey | 1380 | |
| Use ability | 520 | |
5044 total
» units
| Peasant | 24 | |
| Footman | 4 | |
| Dragonhawk Rider | 21 | |
| Gryphon Rider | 6 | |
| Siege Engine | 7 | |
62 total
» upgrades
| Lumber Harvesting | 2 | |
| Masonry | 3 | |
| Cloud | 1 | |
| Swords | 3 | |
| Animal War Training | 1 | |
| Armor | 3 | |
| Storm Hammers | 1 | |
| Gunpowder | 3 | |
| Plating | 3 | |
20 total
» buildings
| Altar of Kings | 1 | |
| Barracks | 1 | |
| Farm | 11 | |
| Scout Tower | 47 | |
| Keep | 1 | |
| Arcane Vault | 1 | |
| Arcane Tower | 3 | |
| Lumber Mill | 1 | |
| Town Hall | 4 | |
| Guard Tower | 10 | |
| Castle | 1 | |
| Gryphon Aviary | 6 | |
| Blacksmith | 2 | |
| Workshop | 2 | |
91 total
» build order
00:52 Altar of Kings
00:54 Barracks
00:56 Farm
00:58 Farm
01:05 Farm
01:39 Farm
02:12 Scout Tower
03:28 Keep
03:45 Arcane Vault
03:48 Arcane Tower
03:50 Scout Tower
03:54 Scout Tower
04:09 Lumber Mill
05:29 Town Hall
05:31 Scout Tower
05:31 Scout Tower
05:31 Scout Tower
05:31 Scout Tower
06:05 Town Hall
06:34 Arcane Tower
07:03 Guard Tower
07:39 Castle
09:16 Scout Tower
09:16 Scout Tower
09:17 Scout Tower
09:25 Gryphon Aviary
09:25 Gryphon Aviary
09:47 Gryphon Aviary
09:49 Gryphon Aviary
09:51 Gryphon Aviary
11:04 Scout Tower
11:05 Scout Tower
11:07 Scout Tower
11:36 Arcane Tower
11:43 Guard Tower
12:40 Farm
12:41 Farm
12:42 Farm
13:01 Scout Tower
13:03 Scout Tower
13:05 Scout Tower
13:08 Scout Tower
15:23 Guard Tower
16:58 Blacksmith
17:52 Farm
17:53 Farm
18:19 Blacksmith
22:15 Guard Tower
25:12 Scout Tower
25:12 Scout Tower
27:51 Guard Tower
31:13 Town Hall
31:20 Scout Tower
31:21 Scout Tower
31:22 Scout Tower
31:22 Scout Tower
31:24 Scout Tower
31:26 Scout Tower
31:28 Scout Tower
31:28 Scout Tower
31:34 Scout Tower
31:34 Scout Tower
31:34 Scout Tower
31:35 Scout Tower
31:36 Scout Tower
31:50 Scout Tower
31:50 Scout Tower
31:50 Scout Tower
31:52 Scout Tower
31:52 Scout Tower
31:52 Scout Tower
31:54 Scout Tower
31:54 Scout Tower
31:54 Scout Tower
31:55 Scout Tower
31:55 Scout Tower
31:56 Scout Tower
31:56 Scout Tower
31:57 Scout Tower
31:57 Scout Tower
32:10 Guard Tower
32:14 Guard Tower
32:45 Guard Tower
32:51 Guard Tower
33:21 Guard Tower
33:53 Gryphon Aviary
34:49 Guard Tower
35:31 Town Hall
52:43 Workshop
52:53 Workshop
54:05 Farm
54:06 Farm
» items
| Scroll of Town Portal | 2 | |
| Periapt of Vitality | 2 | |
| Potion of Lesser Invulnerability | 2 | |
| Scroll of Protection | 1 | |
| Staff of Sanctuary | 1 | |
| Scroll of Regeneration | 1 | |
| Mechanical Critter | 2 | |
| Staff of Teleportation | 1 | |
12 total

»
sally (
yellow | 44 APM | 1730 actions | 39:12)
8 Mountain King
3 Storm Bolt
3 Bash
1 Avatar
1 Thunder Clap
8 Paladin
2 Holy Light
2 Divine Shield
3 Devotion Aura
1 Resurrection
7 Archmage
3 Blizzard
3 Brilliance Aura
1 Mass Teleport
» actions
| Assign group hotkey | 34 | |
| Basic commands | 2 | |
| Build / train | 91 | |
| Enter build submenu | 36 | |
| Enter hero's abilities submenu | 23 | |
| Give item / drop item | 1 | |
| Right click | 466 | |
| Select / deselect | 402 | |
| Select group hotkey | 463 | |
| Use ability | 212 | |
1730 total
» units
| Peasant | 19 | |
| Footman | 5 | |
| Gryphon Rider | 8 | |
| Dragonhawk Rider | 12 | |
44 total
» upgrades
| Lumber Harvesting | 2 | |
| Swords | 3 | |
| Armor | 3 | |
| Storm Hammers | 1 | |
| Cloud | 1 | |
| Animal War Training | 1 | |
11 total
» buildings
| Farm | 14 | |
| Altar of Kings | 1 | |
| Barracks | 1 | |
| Arcane Vault | 1 | |
| Lumber Mill | 1 | |
| Keep | 1 | |
| Town Hall | 2 | |
| Scout Tower | 6 | |
| Blacksmith | 1 | |
| Guard Tower | 2 | |
| Castle | 1 | |
| Gryphon Aviary | 3 | |
34 total
» build order
00:40 Farm
00:59 Altar of Kings
01:17 Farm
01:21 Barracks
01:37 Farm
01:54 Farm
02:25 Arcane Vault
03:39 Lumber Mill
03:58 Keep
05:27 Town Hall
05:31 Scout Tower
05:34 Scout Tower
05:37 Scout Tower
05:57 Blacksmith
06:02 Farm
06:07 Guard Tower
06:10 Scout Tower
06:13 Farm
06:32 Castle
06:57 Guard Tower
07:28 Scout Tower
07:30 Scout Tower
08:28 Gryphon Aviary
08:45 Gryphon Aviary
08:50 Gryphon Aviary
10:36 Farm
11:27 Farm
12:07 Farm
13:12 Farm
16:10 Farm
18:29 Farm
20:37 Farm
35:40 Farm
35:51 Town Hall
» items
| Scroll of Regeneration | 3 | |
| Scroll of Town Portal | 3 | |
6 total
Chat log
(00:14 / All) KrissKross: what a surprise
(00:22 / Allies) sally: yo
(00:25 / Allies) sally: units?
(00:29 / All) KrissKross: FUCK THIS
(00:42 / All) WheatThins: everyone playing
(02:10 / Allies) KnightsofRen: oj...what units you going for?
(07:21 / Allies) sally: out
(07:26 / All) KrissKross: god you're an annoying retard
(08:16 / All) Paladin: plz
(08:17 / All) Paladin: let me out
(08:33 / Allies) sally: any wood
(08:53 / Allies) sally: thx
(09:00 / Allies) KnightsofRen: a bit gold pls
(09:28 / Allies) KrissKross: lkumber pelase
(09:38 / Allies) KnightsofRen: a bit gold pls
(09:50 / Allies) KnightsofRen: ty
(10:59 / Allies) KrissKross: lubmer
(12:08 / Allies) KnightsofRen: spare gold?
(14:33 / Allies) sally: lets go
(14:54 / All) KrissKross: I'm playing like shit and got this retard next to me lawl
(14:57 / All) KrissKross: super ufcking lucky all game
(16:17 / Allies) KrissKross: I need help I just lost my dhakw
(16:57 / All) sexbysurprise: nice fl
(17:10 / All) sexbysurprise: Get a volcano
(17:51 / All) sexbysurprise: the fuck my mk doing there
(18:08 / All) sexbysurprise: 4 rifles scared you away LOL
(18:50 / Allies) KnightsofRen: r u delusional?
(20:08 / Allies) KrissKross: take out this faggot ne
(20:13 / All) sexbysurprise: go away retards
(20:22 / Allies) KrissKross: unkiut
(20:59 / Allies) sally: tp?
(21:06 / Allies) KnightsofRen: yes
(21:39 / Allies) sally: out
(22:21 / Allies) sally: when we fight disount archers pink
(31:38 / Allies) KnightsofRen: i'm building tree
(31:44 / Allies) KrissKross: I already had hall down
(31:55 / Allies) KnightsofRen: share gold then
(31:59 / Allies) KnightsofRen: i have no money
(32:03 / Allies) KnightsofRen: to build tree anymore
(32:05 / Allies) KrissKross: hang on banking until 100 food
(32:36 / Allies) KnightsofRen: gold pls anyone
(33:14 / Allies) sally: go ill tp
(33:17 / Allies) KnightsofRen: ty
(34:47 / Allies) KnightsofRen: any more gold anyone?
(35:09 / Allies) KnightsofRen: ty
(35:09 / Allies) sally: next base
(35:11 / Allies) sally: ill tp
(38:27 / All) sexbysurprise: gg
(38:29 / All) sexbysurprise: I earned this win
(39:48 / Allies) KnightsofRen: kill him already>...
(40:09 / Allies) crybaby: idiot
(42:04 / All) KrissKross: Fucking hero bug
(45:01 / Allies) crybaby: pink finish purp
(46:48 / Allies) KnightsofRen: how does he keep tping
(48:37 / Allies) KnightsofRen: r u done?
(50:07 / Allies) crybaby: idiot
(50:13 / Allies) crybaby: fucxk u
(50:22 / Allies) crybaby: pinche pendejo
(53:10 / All) KrissKross: thank god for mass tp
(53:16 / Allies) KnightsofRen: r u having fun?
(53:21 / Allies) KrissKross: yes
(53:34 / Allies) KrissKross: are you?
(53:45 / Allies) KnightsofRen: yep
(53:52 / Allies) KnightsofRen: it's like hide and seek
(54:29 / All) KrissKross: gonna make tanks
(54:30 / All) KrissKross: and then
(54:33 / All) KrissKross: kill the buildings
(54:35 / All) KrissKross: and you can't do shit
(54:41 / All) KrissKross: mad?
(54:48 / Allies) KnightsofRen: i'll just leave my computer on
(54:52 / Allies) KnightsofRen: and get the win
(54:56 / All) KrissKross: killing our buildings
(55:03 / All) KrissKross: so you get the loss, buddy
(55:05 / Allies) KnightsofRen: k
(55:10 / Allies) KnightsofRen: so do u
(56:34 / All) KrissKross: ll
(56:36 / All) KrissKross: lol
(56:59 / Allies) KnightsofRen: oops
(57:10 / Allies) KnightsofRen: yeeeeeeeeeeeeeeeeeeeees
(59:09 / All) KrissKross: got heem
(59:16 / Allies) KnightsofRen: you pro
(63:15 / All) KrissKross: extremely close game
(63:22 / All) KrissKross: green had dh from hell
(63:26 / All) KrissKross: and I was tired as fuck
(63:33 / All) KrissKross: was kicking my ass early
(64:14 / All) KrissKross: if either NE massed hips no way could have won